 Dungeon Crawl Stone Soup version 0.29-a0-362-g5854e031c7 (webtiles) character file.

Game seed: 12826392239994503115

107 ytrimaz the Insei (level 4, -3/28 HPs)
             Began as an Octopode Transmuter on Apr 29, 2022.
             Slain by a necrophage (5 damage)
             ... on level 2 of the Dungeon.
             The game lasted 00:03:11 (3437 turns).

ytrimaz the Insei (Octopode Transmuter)             Turns: 3437, Time: 00:03:12

Health: -3/28      AC:  1    Str:  9    XL:     4   Next: 85%
Magic:  7/7        EV: 13    Int: 17    God:
Gold:   120        SH:  0    Dex: 12    Spells: 1/7 levels left

rFire   . . .      SeeInvis .     - Unarmed
rCold   . . .      Faith    .   (no shield)
rNeg    . . .      Spirit   .   (helmet restricted)
rPois   .          Reflect  .   (no amulet)
rElec   .          Harm     .   (no ring)
rCorr   .          Rampage  .   (no ring)
Will    .....                   (no ring)
Stlth   ++........              (no ring)
HPRegen 0.09/turn               (no ring)
MPRegen 0.10/turn               (no ring)
                                (no ring)
                                (no ring)

@: no status effects
A: almost no armour, amphibious, 8 rings, camouflage 1, gelatinous body 1,
(nimble swimmer 1), tentacles
a: no special abilities


You were on level 2 of the Dungeon.
You visited 1 branch of the dungeon, and saw 3 of its levels.

You collected 120 gold pieces.

Inventory:

Missiles
 e - a throwing net
Scrolls
 b - a scroll of fear
 c - 2 scrolls of fog
 d - a scroll of holy word
Potions
 a - a potion of lignification
 f - 2 potions of cancellation {unknown}
 g - a potion of ambrosia {unknown}
 j - 2 potions of might {unknown}


   Skills:
 - Level 1.0 Fighting
 * Level 3.2 Dodging
 + Level 4.6 Unarmed Combat
 - Level 2.0 Spellcasting
 - Level 2.0 Transmutations
 * Level 0.3 Poison Magic


You had one spell level left.
You knew the following spells:

 Your Spells              Type           Power      Damage    Failure   Level
a - Beastly Appendage     Tmut           16%        N/A       9%          1
b - Wereblood             Tmut           8%         N/A       13%         2
c - Spider Form           Tmut/Pois      5%         N/A       34%         3

Your spell library contained the following spells:

 Spells                   Type           Power      Damage    Failure   Level
 Ice Form                 Ice/Tmut       5%         N/A       77%         4


Dungeon Overview and Level Annotations

Branches:
Dungeon (3/15)

Altars:

Shops:
D:1 :[


Innate Abilities, Weirdness & Mutations

You cannot wear most types of armour.
You are amphibious.
You can wear up to eight rings at the same time.
Your skin changes colour to match your surroundings (Stealth+).
Your rubbery body absorbs attacks. (AC +1, EV +1)
((You are camouflaged when in or above water. (Stealth+)))
You have tentacles for arms and can constrict up to eight enemies at once.


Message History

As you read the scroll labelled VEIBYL XAOKHEU, it crumbles to dust.
It is a scroll of enchant weapon.
You aren't carrying any weapons that can be enchanted.
There is a stone staircase leading down here.
You climb downwards.
Found a war axe, a ring mail, a leather armour and a dagger.
Found a stone staircase leading up.
There is a stone staircase leading up here.
The helpless kobold fails to defend itself.
You tentacle-slap the kobold. Your grab misses the kobold.
Your tentacle-slap misses the kobold.
The kobold is heavily wounded.
You tentacle-slap the kobold. Your grab misses the kobold.
Your squeeze misses the kobold.
The kobold is severely wounded.
The kobold closely misses you.
You closely miss the kobold. Your grab misses the kobold.
The kobold is severely wounded.
The kobold hits you with a +0 whip.
You tentacle-slap the kobold.
You kill the kobold!
There is a stone staircase leading up here.
You climb upwards.
There is a stone staircase leading down here.
There is an escape hatch in the floor here.
There is a stone staircase leading down here.
You climb downwards.
The necrophage hits you. The worm bites you! The necrophage hits you.
There is a stone staircase leading up, spattered with blood here.
Unknown command.
The worm bites you!
* * * LOW HITPOINT WARNING * * *
The necrophage barely misses you.
You climb upwards.
There is a stone staircase leading down here.
The necrophage attacks as you move away!
The necrophage barely misses you.
The necrophage attacks as you move away!
The necrophage hits you.
You die...

####.## #.##...... #.#
#.##...... #.# #.##.)....
#.# #.##......
###.######.##......
#.......)..........
###.######.#####.#.
#########.w>...............
#.........@n.......#####...
#######>..........## #.#.
#...........# #.#.
#...........######.#.
#..................#.
#...........######.#.
#....................
##............^...P..
#.######....♣♣♣...♣♣


You could see a necrophage and a worm.

Vanquished Creatures
  4 gnolls (D:2)
  2 adders (D:2)
  A worm (D:2)
  4 bats
  4 endoplasms
  3 giant cockroaches
  4 hobgoblins
  2 jackals (D:2)
  2 quokkas (D:1)
  6 ball pythons
  4 goblins (D:1)
  6 kobolds
  5 rats (D:1)
47 creatures vanquished.

Vanquished Creatures (others)
  24 plants (D:2)
24 creatures vanquished.

Grand Total: 71 creatures vanquished

Notes
Turn   | Place    | Note
-------+----------+-------------------------------------------
     0 | D:1      | ytrimaz the Octopode Transmuter began the quest for the
                  | Orb.
     0 | D:1      | Reached XP level 1. HP: 13/13 MP: 3/3
   452 | D:1      | Reached XP level 2. HP: 18/18 MP: 3/5
   685 | D:1      | Found Vuciuwk's Antique Armour Shoppe.
   788 | D:1      | Found Neasobbo's Book Shop.
  1546 | D:2      | Reached XP level 3. HP: 23/23 MP: 4/6
  1550 | D:2      | Learned a level 2 spell: Wereblood
  1554 | D:2      | Learned a level 3 spell: Spider Form
  1710 | D:2      | Reached skill level 4 in Unarmed Combat
  2172 | D:2      | Reached XP level 4. HP: 21/28 MP: 5/7
  3415 | D:3      | Noticed a necrophage
  3434 | D:3      | HP: 1/28 [worm (10)]
  3437 | D:2      | Slain by a necrophage

Illustrated notes

Levels and vault maps discovered:
D:1:      dpeg_arrival_rhombi, layout_basic, serial_shops,
          nicolae_shop_competitors_out_of_business,
          nicolae_shop_advertising_works [nicolae_subvault_shop_adworks],
          serial_bayou_ford_a, minmay_misc_feat_diagonals
D:2:      layout_basic, kennysheep_boxes
D:3:      layout_basic, ebering_ecumenical_altar_petrified,
          corexii_item_surrounded_by_moat

Skill      XL: |  1  2  3  4 |
---------------+-------------+-----
Unarmed Combat | 4 |  4.6
Dodging        | 3 |  3.2
Fighting       | |  1.0
Spellcasting   | |  2.0
Transmutations | |  2.0
Poison Magic   | |  0.3

Action                   |  1- 3 |  4- 6 || total
-------------------------+-------+-------++-------
Melee: Unarmed           |    75 |    24 ||    99
       Kick              |    23 |    10 ||    33
       Constrict         |    16 |     6 ||    22
       Tentacles         |    13 |     5 ||    18
       Punch             |     3 |       ||     3
 Cast: Beastly Appendage |    25 |     6 ||    31
       Spider Form       |       |     1 ||     1
  Use: Scroll            |     2 |     4 ||     6
 Stab: Sleeping          |     3 |     2 ||     5
Armor: Skin              |     6 |     1 ||     7
Dodge: Dodged            |    47 |    13 ||    60

Table legend: (Time is in decaauts)
 A = Elapsed time spent in this place.
 B = Non-inter-level travel time spent in this place.
 C = Inter-level travel time spent in this place.
 D = Time resting spent in this place.
 E = Time spent auto-exploring this place.
 F = Levels seen in this place.
 G = Mean time per level.
                   A        B        C        D        E       F      G
               +--------+--------+--------+--------+--------+-----+--------+
         Total |   3432 |   3362 |     70 |    586 |   2341 |   3 | 1144.0 |
       Dungeon |   3432 |   3362 |     70 |    586 |   2341 |   3 | 1144.0 |
               +--------+--------+--------+--------+--------+-----+--------+

Top non-repeatable levels by time:
     D:1: 1747 daAuts
     D:2: 1674 daAuts
     D:3: 9 daAuts
